 Dungeon Crawl Stone Soup version 0.17-a0-1718-g72dbe4d (webtiles) character file.

8405 kae the Fencer (level 11, -5/85 HPs)
             Began as a Minotaur Fighter on Aug 26, 2015.
             Was a Believer of Qazlal.
             Slain by a black mamba (9 damage)
             ... on level 1 of the Lair of Beasts.
             The game lasted 00:12:36 (10290 turns).

kae the Fencer (Minotaur Fighter)                  Turns: 10290, Time: 00:12:36

Health: -5/85      AC:  9    Str: 25    XL:     11   Next: 9%
Magic:  10/10      EV: 10    Int:  7    God:    Qazlal [**....]
Gold:   293        SH:  2    Dex: 15    Spells: 0 memorised, 10 levels left

rFire  . . .     SeeInvis .     y - +6 great sword of Sunlight {freeze, rN+ Str+4}
rCold  . . .     Clarity  .     b - +0 scale mail
rNeg   + . .     SustAt   .     (no shield)
rPois  .         Gourm    .     (helmet restricted)
rElec  .         Spirit   .     (no cloak)
rCorr  .         Warding  .     (no gloves)
rMut   .         Stasis   .     G - +1 pair of boots
MR     .....                    (no amulet)
Stlth  ..........               (no ring)
                                n - +4 ring of dexterity

@: lethally poisoned (-5 -> -13), slowed, very slow, not resistant to hostile
enchantments, extremely unstealthy
A: retaliatory headbutt, horns 2
a: Upheaval, Renounce Religion


You were on level 1 of the Lair of Beasts.
You worshipped Qazlal.
Qazlal was pleased with you.
You were not hungry.

You visited 3 branches of the dungeon, and saw 11 of its levels.
You also visited: Sewer.

You collected 610 gold pieces.
You spent 317 gold pieces at shops.

Inventory:

Hand weapons
 a - a +0 long sword
 y - the +6 great sword of Sunlight (weapon) {freeze, rN+ Str+4}
   (You bought it in a shop on level 6 of the Dungeon)

   It has been specially enchanted to freeze those struck by it, causing extra
   injury to most foes and up to half again as much damage against particularly
   susceptible opponents.
   It can also slow down cold-blooded creatures.
   It affects your strength (+4).
   It protects you from negative energy.
Armour
 b - a +0 scale mail (worn)
 c - a +0 shield
 G - a +1 pair of boots (worn)
Jewellery
 n - a +4 ring of dexterity (left hand)
 I - an uncursed ring of positive energy {unknown}
 K - a +3 ring of slaying {unknown}
Magical devices
 k - a wand of fire (5)
 D - a wand of fireball (5)
 E - a wand of slowing (37)
 J - a wand of slowing (18)
 M - a wand of flame (11)
 N - a wand of cold (7)
Scrolls
 d - a scroll of random uselessness
 f - 2 scrolls of fear
 g - 8 scrolls of teleportation
 j - 4 scrolls of remove curse {unknown}
 o - 4 scrolls of recharging {unknown}
 q - 4 scrolls of identify
 r - 2 scrolls of enchant weapon {unknown}
 v - a scroll of magic mapping {unknown}
 x - a scroll of immolation {unknown}
 F - 2 scrolls of noise {unknown}
 L - a scroll of enchant armour {unknown}
Potions
 s - a potion of mutation {unknown}
 t - 2 potions of curing
 u - a potion of heal wounds
 z - a potion of brilliance {unknown}
 A - a potion of degeneration {unknown}
 C - a potion of berserk rage {unknown}
Books
 h - a book of the Earth

   Spells                             Type                      Level
   a - Leda's Liquefaction            Hexes/Earth                  4
   b - Bolt of Magma                  Conjuration/Fire/Earth       5
   c - Statue Form                    Transmutation/Earth          6
   d - Iron Shot                      Conjuration/Earth            6
   e - Shatter                        Earth                        9
 w - a book of Maledictions

   Spells                             Type                      Level
   a - Corona                         Hexes                        1
   b - Ensorcelled Hibernation        Hexes/Ice                    2
   c - Confuse                        Hexes                        3
   d - Tukima's Dance                 Hexes                        3
   e - Dazzling Spray                 Conjuration/Hexes            3
 H - a book of the Sky

   Spells                             Type                      Level
   a - Summon Lightning Spire         Summoning/Air                4
   b - Airstrike                      Air                          4
   c - Silence                        Hexes/Air                    5
   d - Deflect Missiles               Charms/Air                   6
   e - Conjure Ball Lightning         Conjuration/Air              6
   f - Tornado                        Air                          9
Comestibles
 e - 5 bread rations
 i - 2 meat rations
 l - 3 slices of pizza
 m - 3 fruits
 p - 2 beef jerkies


   Skills:
 + Level 4.5 Fighting
 - Level 18.5 Long Blades
 + Level 4.4 Armour
 - Level 3.6 Shields


You had 10 spell levels left.
You didn't know any spells.

Dungeon Overview and Level Annotations

Branches:
Dungeon (10/15)            Temple (1/1) D:7            Lair (1/8) D:10
    Orc (0/4) D:10

Altars:
Ashenzari
Cheibriados
Dithmenos
Elyvilon
Fedhas
Gozag
Kikubaaqudgha
Makhleb
Nemelex Xobeh
Okawaru
Qazlal
Ru
Trog
Vehumet
Xom
Yredelemnul
Zin
The Shining One

Shops:
D:5 [   D:6 (   D:9 [

Annotations:
Lair:1 Sonja


Innate Abilities, Weirdness & Mutations

You reflexively headbutt those who attack you in melee.
You have a pair of horns on your head.


Message History

The black mamba poisons you!
Unknown command.
Drink which item? (? for menu, Esc to quit)
You feel much better.
You feel sick. The black mamba barely misses you. You furiously retaliate!
You headbutt the black mamba! The black mamba bites you!
* * * LOW HITPOINT WARNING * * *
The crocodile barely misses you. You furiously retaliate!
You headbutt the crocodile. The black mamba completely misses you.
The crocodile closely misses you. The wolf bites you but does no damage.
Drink which item? (? for menu, Esc to quit)
You feel better. The black mamba bites you!
* * * LOW HITPOINT WARNING * * *
You are poisoned.
The black mamba poisons you! The wolf misses you. The black mamba bites you!
* * * LOW HITPOINT WARNING * * *
The wolf bites you but does no damage. The crocodile bites you.
* * * LOW HITPOINT WARNING * * *
The black mamba bites you!
You die...

...................
...#.##.###....######P.
...#......#....#......
..........#..........#
. ...#.
........#.....#.. .....
...#....#......$. ...#.
...#....#........
..............#
##.#...S#@#.##..
........Sth......
.................
.................
.................
.................
.................
.##..$....##..##.
#.#.....#. ...


You could see a black mamba, a crocodile and a wolf.

Vanquished Creatures
  The ghost of cmdexe the Fighter, an experienced DsFi of Okawaru (D:10)
  Pikel (D:8)
  An ugly thing (D:9)
  The ghost of kae the Carver, an experienced MiFi (D:5)
  A gargoyle (D:10)
  Grinder (D:5)
  3 yaks (D:10)
  A deep elf mage (D:10)
  A wyvern (D:9)
  A warg (D:10)
  A hungry ghost (D:9)
  2 orc warriors
  An eye of draining (D:10)
  2 ice beasts
  3 phantoms
  2 black bears
  3 sky beasts
  A water moccasin (Lair:1)
  4 slaves (D:8)
  2 centaurs (D:5)
  12 ogres
  A crocodile (D:9)
  4 giant frogs
  A wyvern skeleton (D:7)
  4 killer bees (D:9)
  4 scorpions
  11 wights
  A centaur zombie (D:10)
  A giant frog zombie (D:5)
  4 crimson imps
  3 jellies
  A centaur skeleton (D:10)
  A giant frog skeleton (D:4)
  11 hounds
  5 orc priests
  A gnoll shaman (D:5)
  5 iguanas
  6 orc wizards
  7 worker ants
  7 adders
  6 gnolls
  2 river rats (D:6)
  3 shadow imps
  2 adder skeletons
  A giant gecko (D:5)
  20 orcs
  A ball python (Sewer)
  2 giant cockroaches
  2 goblins
  8 hobgoblins
  9 jackals
  22 giant newts
  8 kobolds
  3 rats
  3 plants (Sewer)
215 creatures vanquished.

Vanquished Creatures (others)
  A plant (Sewer)
1 creature vanquished.

Grand Total: 216 creatures vanquished

Notes
Turn   | Place    | Note
--------------------------------------------------------------
     0 | D:1      | kae the Minotaur Fighter began the quest for the Orb.
     0 | D:1      | Reached XP level 1. HP: 19/19 MP: 0/0
     6 | D:1      | Noticed a salamander
     6 | D:1      | Noticed a hog
     7 | D:1      | Noticed a polar bear
     7 | D:1      | Noticed a komodo dragon
     8 | D:1      | Noticed a swamp worm
   206 | D:1      | Reached XP level 2. HP: 26/26 MP: 1/1
   565 | D:1      | Reached skill level 4 in Long Blades
   795 | D:2      | You fall through a shaft for 2 floors!
   825 | D:4      | Reached XP level 3. HP: 25/31 MP: 2/2
   915 | D:4      | Noticed a phantom
   917 | D:4      | Reached skill level 5 in Long Blades
   917 | D:4      | Reached XP level 4. HP: 32/39 MP: 3/3
   948 | D:4      | Killed a phantom
   948 | D:4      | Reached skill level 7 in Long Blades
   948 | D:4      | Reached XP level 5. HP: 13/45 MP: 4/4
  1152 | D:4      | Noticed an ogre
  1162 | D:4      | Killed an ogre
  1162 | D:4      | Reached XP level 6. HP: 30/51 MP: 5/5
  1347 | D:4      | Noticed a scorpion
  1355 | D:4      | Killed a scorpion
  1355 | D:4      | Reached skill level 8 in Long Blades
  1615 | D:4      | Noticed an ogre
  1615 | D:4      | Noticed an ogre
  1631 | D:4      | Killed an ogre
  1631 | D:4      | Reached skill level 9 in Long Blades
  1636 | D:4      | Killed an ogre
  1636 | D:4      | Reached XP level 7. HP: 13/57 MP: 6/6
  2150 | D:4      | Noticed an ogre
  2163 | D:4      | Killed an ogre
  2163 | D:4      | Reached skill level 10 in Long Blades
  2312 | D:5      | Entered Level 5 of the Dungeon
  2509 | D:5      | Noticed kae's ghost (experienced MiFi)
  2519 | D:5      | Killed kae's ghost
  2519 | D:5      | Reached skill level 11 in Long Blades
  2519 | D:5      | Reached XP level 8. HP: 34/64 MP: 7/7
  2836 | D:5      | Reached skill level 12 in Long Blades
  2846 | D:5      | Found a shimmering altar of Xom.
  2848 | D:5      | Found a shattered altar of Ashenzari.
  3210 | D:5      | Found Qufryfod's Armour Shoppe.
  3707 | D:5      | Found a bloodstained altar of Trog.
  3797 | D:5      | Reached skill level 13 in Long Blades
  3844 | D:5      | Noticed Grinder
  3844 | D:5      | Paralysed by Grinder for 2 turns
  3930 | D:5      | Paralysed by Grinder for 7 turns
  3942 | D:5      | Killed Grinder
  4115 | D:5      | Reached XP level 9. HP: 60/70 MP: 8/8
  4328 | D:5      | Reached skill level 14 in Long Blades
  5229 | D:6      | Reached skill level 15 in Long Blades
  5242 | D:6      | Found a bloodstained altar of Trog.
  5388 | D:6      | Found Humau's Antique Weapon Shop.
  5439 | D:6      | Found a glowing drain.
  5454 | Sewer    | Entered a sewer
  6369 | D:6      | Found an opulent altar of Gozag.
  6855 | D:6      | Bought a transparent great sword for 218 gold pieces
  6860 | D:6      | Identified the +6 great sword of Sunlight {freeze, rN+ Str+4} (You bought it in a shop on level 6 of the Dungeon)
  6927 | D:7      | Found a staircase to the Ecumenical Temple.
  6966 | Temple   | Entered the Ecumenical Temple
  7002 | Temple   | Became a worshipper of Qazlal Stormbringer
  7085 | D:7      | Found a shadowy altar of Dithmenos.
  7085 | D:7      | Found a glowing silver altar of Zin.
  7164 | D:8      | Noticed Pikel
  7170 | D:8      | Killed Pikel
  7170 | D:8      | Reached skill level 16 in Long Blades
  7170 | D:8      | Reached XP level 10. HP: 74/77 MP: 9/9
  8634 | D:9      | Reached skill level 17 in Long Blades
  8861 | D:9      | Found Fuejaufa's Antique Armour Boutique.
  8879 | D:9      | Bought a pair of glowing boots for 99 gold pieces
  8919 | D:9      | Noticed a green ugly thing
  8923 | D:9      | Killed a green ugly thing
  9089 | D:9      | Acquired Qazlal's first power
  9118 | D:10     | Entered Level 10 of the Dungeon
  9181 | D:10     | Noticed cmdexe's ghost (experienced DsFi)
  9185 | D:10     | Reached skill level 18 in Long Blades
  9229 | D:10     | Killed cmdexe's ghost
  9518 | D:10     | Found a staircase to the Orcish Mines.
  9648 | D:10     | Found a staircase to the Lair.
  9681 | D:10     | Reached XP level 11. HP: 42/83 MP: 10/10
 10087 | D:10     | Acquired Qazlal's second power
 10227 | Lair:1   | Entered Level 1 of the Lair of Beasts
 10273 | Lair:1   | Noticed Sonja
 10290 | Lair:1   | HP: 4/85 [crocodile (1)]
 10290 | Lair:1   | Slain by a black mamba

Vault maps used:
D:1:      onia_arrival_zoo_common, serial_curves, eino_curves_03,
          eino_curves_01, eino_curves_03, minmay_newt_pond
D:2:      wad_river_or_something, first_bread, minmay_close_crescents
D:5:      lemuel_doored_altar, minitemple, serial_shops, kennysheep_little_box,
          uniq_grinder
D:6:      hangedman_cross_stitches, grunt_gozag_statues, portal_sewer_entry_a,
          serial_shops, shop_fountains, trog_three_pillars_becter
D:7:      gammafunk_temple_overflow_elements, minmay_temple_entry_grid
D:8:      uniq_pikel
D:9:      serial_shops, shop
D:10:     lair_0_dummy, erik_orc_3
Temple:   eino_temple_water_12
Lair:1:   uniq_sonja
Sewer:    sewer_co_scattered_pipes

Action                   |  1- 3 |  4- 6 |  7- 9 | 10-12 || total
-------------------------+-------+-------+-------+-------++-------
Melee: Long sword        |    62 |    54 |   420 |       ||   536
       Great sword       |       |       |    10 |   156 ||   166
  Use: Potion            |       |     2 |     4 |     5 ||    11
       Scroll            |       |       |     6 |       ||     6
 Stab: Distracted        |       |       |       |     1 ||     1
  Eat: Chunk             |       |     2 |    12 |    10 ||    24
       Bread ration      |       |       |     1 |       ||     1
       Fruit             |       |       |     1 |     1 ||     2
